 Dungeon Crawl Stone Soup version 0.30-a0-738-g116ff8c4af (webtiles) character file.

Game seed: 9558115745624175893

14319 demibob the Spry (level 12, -6/78 HPs)
             Began as a Merfolk Gladiator on Feb 3, 2023.
             Was a Follower of Yredelemnul.
             Shot with an arrow by Nessos (8 damage)
             ... on level 3 of the Lair of Beasts.
             The game lasted 00:18:55 (11578 turns).

demibob the Spry (Merfolk Gladiator)               Turns: 11578, Time: 00:18:55

Health: -6/78      AC: 11    Str: 18 (19) XL:     12   Next: 15%
Magic:  19/19      EV: 27    Int:  6 (7)  God:    Yredelemnul [*.....]
Gold:   863        SH:  0    Dex: 23 (24) Spells: 11/11 levels left

rFire   . . .      SeeInvis .    a - +1 trident (drain)
rCold   . . .      Faith    .    (no shield)
rNeg    . . .      Spirit   .    s - +1 leather armour {rPois}
rPois   +          Reflect  .    c - +1 helmet
rElec   .          Harm     .    g - +0 cloak
rCorr   .          Rampage  .    v - +0 pair of gloves
Will    .....                    l - +0 pair of boots
Stlth   ++                       (no amulet)
HPRegen 0.33/turn                S - +6 ring of strength
MPRegen 0.16/turn                (no ring)

@: mighty, lethally poisoned (-6 -> -38)
A: (nimble swimmer 2), mertail, iridescent scales 1, agile 1
a: Renounce Religion, Recall Undead Harvest


You were on level 3 of the Lair of Beasts.
You worshipped Yredelemnul.
Yredelemnul was aware of your devotion.
You visited 3 branches of the dungeon, and saw 13 of its levels.
You also visited: Gauntlet.

You collected 863 gold pieces.


Innate Abilities, Weirdness & Mutations

((You are very nimble when in or above water. (Stealth+, EV+, Speed+++)))
Your lower body shifts to a powerful aquatic tail in water.
You are partially covered in iridescent scales. (AC +2)
You are agile. (Dex +4, Str/Int -1)


   Skills:
 - Level 2.1 Fighting
 - Level 14.0 Polearms
 - Level 2.0 Throwing
 + Level 17.9 Dodging
 + Level 9.6 Invocations


You had 11 spell levels left.
You didn't know any spells.
Your spell library contained the following spells:

 Spells                   Type           Power      Damage    Failure   Level
 Apportation              Tloc           0%         N/A       52%         1
 Necrotise                Necr           0%         1d4       52%         1
 Slow                     Hex            0%         N/A       52%         1
 Summon Small Mammal      Summ           0%         N/A       52%         1
 Confusing Touch          Hex            0%         N/A       87%         3
 Dazzling Flash           Conj/Hex       0%         N/A       87%         3
 Portal Projectile        Hex/Tloc       0%         N/A       87%         3
 Vampiric Draining        Necr           0%         2d6       87%         3
 Passage of Golubria      Tloc           0%         N/A       99%         4
 Silence                  Hex/Air        0%         N/A       100%        5
 Conjure Ball Lightning   Conj/Air       0%         3x3d6     100%        6
 Spellforged Servitor     Conj/Summ      0%         N/A       100%        7
 Lehudib's Crystal Spear  Conj/Erth      0%         10d2      100%        8

Inventory:

Hand Weapons
 a - a +1 trident of draining (weapon)
Missiles
 d - 8 throwing nets (quivered) {=f}
 e - a javelin
 r - 3 silver javelins
Armour
 c - a +1 helmet (worn)
 g - a +0 cloak (worn)
 l - a +0 pair of boots (worn)
 s - a +1 leather armour of poison resistance (worn)
 v - a +0 pair of gloves (worn)
Jewellery
 S - a +6 ring of strength (left hand)
Wands
 b - a wand of digging (12)
 f - a wand of quicksilver (15)
 p - a wand of iceblast (15)
 w - a wand of flame (6)
Scrolls
 h - 4 scrolls of teleportation {@r2}
 i - 4 scrolls of enchant armour
 n - 2 scrolls of amnesia
 q - 3 scrolls of torment
 t - 5 scrolls of identify {@r1}
 y - 3 scrolls of poison
 A - 3 scrolls of blinking
 C - 3 scrolls of brand weapon
 D - a scroll of vulnerability
 E - 2 scrolls of enchant weapon
Potions
 m - 5 potions of lignification
 o - a potion of mutation
 x - a potion of brilliance

Dungeon Overview and Level Annotations

Branches:
Dungeon (9/15)             Temple (1/1) D:5            Lair (3/5) D:8
Gauntlet (visited)
  Swamp: Lair:2-3    Shoals: Lair:2-3     Snake: Lair:2-3    Spider: Lair:2-3
    Orc: D:9-12

Altars:
Ashenzari
Cheibriados
Dithmenos
Elyvilon
Fedhas
Hepliaklqana
Kikubaaqudgha
Makhleb
Nemelex Xobeh
Okawaru
Qazlal
Ru
Sif Muna
Trog
Uskayaw
Vehumet
Wu Jian
Xom
Yredelemnul
Zin
The Shining One

Shops:
D:8 (

Annotations:
Lair:3 Nessos

§§§§§§§ §§
#§§§§§§§.§. #
#§#§§§§§#§ §#
P§§§§§§§+§#§## §
#§Z§§§§§§#§§§#§§
#§§c§§§§§§§§§§§#
#§..§§§§§§§§§§§§
.§§§§§§§@§§§§§§§
#§§§§§§§##§§§§§§
#§§§§§§§§# ##§§§
#§#.§§§#.# §
P§§§§§§.lS
P§§§§§§..c.
#§§§§§......
#l§#§##......
#.### #.......


You could see Nessos (fast, poisoned, ally target), a basilisk and a friendly
black mamba zombie.


Message History

Nessos mumbles some strange words.
Nessos blinks!
Okay, then.
Blink to where?
Press: ? - help, Dir - move target, f - you
Okay, then.
The air fills with toxic fumes!
As you read the scroll of poison, it crumbles to dust.
A nearby plant withers and dies.
Nessos shoots an arrow.
The arrow hits you!
* * * LOW HITPOINT WARNING * * *
The arrow burns you.
You are poisoned.
* * * LOW HITPOINT WARNING * * *
Nessos shoots an arrow.
The arrow hits you!
* * * LOW HITPOINT WARNING * * *
The arrow burns you.
You are lethally poisoned!
* * * LOW HITPOINT WARNING * * *
It was a potion of degeneration.
There was something very wrong with that liquid.
You feel weakened.
You feel dopey.
You feel clumsy.
* * * LOW HITPOINT WARNING * * *
You feel extremely sick.
A nearby plant withers and dies.
Nessos casts a spell.
Nessos blinks!
Your black mamba zombie bites Nessos!
Nessos is engulfed in poison gas.
Nessos is poisoned.
Nessos shoots an arrow.
The arrow hits you!
You die...
Your body rises from the dead as a mindless zombie.

Skill      XL: |  1  2  3  4  5  6  7  8  9 10 11 |
---------------+----------------------------------+-----
Polearms       | 5 6 7 8 10 12 14 | 14.0
Dodging        | 5 6 7 9 12 15 17 | 17.9
Invocations    | 5 9 |  9.6
Fighting       | |  2.1
Throwing       | |  2.0

Action                     |  1- 3 |  4- 6 |  7- 9 | 10-12 || total
---------------------------+-------+-------+-------+-------++-------
  Melee: Trident           |    88 |   201 |   362 |   398 ||  1049
         Punch             |       |       |     4 |     8 ||    12
 Invoke: Dark Bargain      |       |       |       |     1 ||     1
         Recall Undead Har |       |       |       |     1 ||     1
  Evoke: Wand              |       |       |     6 |     7 ||    13
    Use: Scroll            |       |     5 |     9 |    12 ||    26
         Potion            |       |     4 |    12 |     3 ||    19
   Stab: Sleeping          |     4 |     5 |     2 |     1 ||    12
         Invisible         |       |     4 |     5 |       ||     9
         Distracted        |       |       |       |     4 ||     4
 Armour: Leather armour    |    11 |    39 |    78 |    38 ||   166
  Dodge: Dodged            |    35 |    98 |   230 |   225 ||   588

Levels and vault maps discovered:
D:1:      wander_arrival_estate, layout_basic
D:2:      layout_basic, serial_forest, infiniplex_forest_split,
          infiniplex_forest_clump_double, infiniplex_forest_end_2,
          infiniplex_forest_diagonal, infiniplex_forest_clump_long,
          infiniplex_forest_clump_double, infiniplex_forest_clump_cross,
          infiniplex_forest_pool, palyth_stone_intersect,
          hangedman_abyss_or_decor_stabs, minmay_fractal_squares_5
D:3:      layout_basic
D:4:      minmay_evil_eye, layout_basic, mainiacjoe_overflow_six_doors_small,
          feat_on_display
D:5:      layout_layer_cave, minmay_temple_entry_tees,
          kennysheep_generic_room_4, uniq_duvessa, uniq_crazy_yiuf_cottage,
          uniq_ijyb
D:6:      layout_basic, amethyst_overflow_temple_binary, lightli_corner_chamber,
          uniq_edmund
D:7:      layout_loops_ring, hangedman_misty_isle
D:8:      layout_layer_cave, nzn_wu_jian_council_hall,
          mainiacjoe_overflow_chevrons, grunt_lair_entry_orc_guard_hut,
          hangedman_decor_opposing, kennysheep_small_square
D:9:      layout_grid_maze, lemuel_crystal_altar,
          chequers_serial_rivers_large_b, minmay_librarian
Temple:   hellmonk_temple_two_chambers
Lair:1:   layout_chaotic_city, chequers_serial_rivers_room_b, evilmike_ambush
          [evilmike_ambush_outer_corners, evilmike_ambush_inner_basic],
          lemuel_fruit_tree, uniq_harold
Lair:2:   layout_roguey, gauntlet_entry_generic, uniq_amaemon
Lair:3:   layout_chaotic_city, minmay_shoals_entry_centaurs,
          nicolae_snake_entry_warm_welcome, grunt_megastairs_3,
          infiniplex_staircase_pool_2, lemuel_fruit_fields, uniq_nessos,
          uniq_urug

Notes
Turn   | Place    | Note
-------+----------+-------------------------------------------
     0 | D:1      | demibob the Merfolk Gladiator began the quest for the Orb.
     0 | D:1      | Reached XP level 1. HP: 16/16 MP: 1/1
   133 | D:1      | Reached XP level 2. HP: 22/22 MP: 2/2
   415 | D:1      | Reached skill level 5 in Polearms
   537 | D:1      | Reached XP level 3. HP: 27/27 MP: 3/3
   913 | D:2      | Reached XP level 4. HP: 33/33 MP: 4/4
  1027 | D:2      | Reached skill level 5 in Dodging
  1083 | D:2      | Reached skill level 6 in Polearms
  2004 | D:3      | Reached XP level 5. HP: 25/38 MP: 5/5
  3126 | D:4      | Found a snail-covered altar of Cheibriados.
  3179 | D:4      | Reached skill level 7 in Polearms
  3343 | D:5      | Entered Level 5 of the Dungeon
  3360 | D:5      | Noticed Ijyb
  3372 | D:5      | Killed Ijyb
  3373 | D:5      | Reached XP level 6. HP: 11/44 MP: 6/6
  3706 | D:5      | Reached skill level 6 in Dodging
  3717 | D:5      | Noticed Dowan
  3717 | D:5      | Noticed Duvessa
  3718 | D:5      | Gained mutation: You are partially covered in iridescent
                  | scales. (AC +2) [potion of mutation]
  3718 | D:5      | Gained mutation: You are agile. (Dex +4, Str/Int -1)
                  | [potion of mutation]
  3730 | D:5      | Killed Duvessa
  3731 | D:5      | Reached skill level 8 in Polearms
  3741 | D:5      | Killed Dowan
  3790 | D:5      | Identified the +4 dagger of the Pits of Slime {heavy, *Slow
                  | rC- rCorr Dex+6}
  3808 | D:5      | Found a staircase to the Ecumenical Temple.
  3815 | D:5      | Reached XP level 7. HP: 50/50 MP: 7/7
  3842 | D:5      | Reached skill level 9 in Polearms
  3846 | Temple   | Entered the Ecumenical Temple
  4051 | D:5      | Reached skill level 7 in Dodging
  4363 | D:5      | Found a runed translucent door.
  4364 | D:5      | Noticed Crazy Yiuf
  4646 | D:5      | Killed Crazy Yiuf
  4650 | D:5      | Identified the +2 hammer of Premature Burial {drain, rPois
                  | rCorr Str-5}
  4704 | Temple   | Became a worshipper of Yredelemnul the Dark
  4765 | D:6      | Noticed Edmund
  4791 | D:6      | Killed Edmund
  4815 | D:6      | Your ally Edmund died
  4816 | D:6      | Reached skill level 10 in Polearms
  4824 | D:6      | Reached XP level 8. HP: 41/56 MP: 8/8
  4846 | D:6      | Reached * piety under Yredelemnul
  4928 | D:6      | Reached skill level 8 in Dodging
  5044 | D:6      | Noticed a komodo dragon
  5258 | D:6      | Found a white marble altar of Elyvilon.
  5258 | D:6      | Found a hide-covered altar of Uskayaw.
  5262 | D:6      | Identified a potion of resistance
  5269 | D:6      | Reached skill level 11 in Polearms
  5271 | D:6      | Killed a komodo dragon
  5497 | D:6      | Reached skill level 12 in Polearms
  5497 | D:6      | Reached skill level 9 in Dodging
  5501 | D:6      | Noticed a troll
  5843 | D:7      | Reached XP level 9. HP: 39/61 MP: 9/9
  6097 | D:7      | Reached skill level 13 in Polearms
  6153 | D:7      | Reached skill level 10 in Dodging
  6164 | D:7      | HP: 5/61 [steam dragon] (5)]
  6174 | D:7      | HP: 3/61 [something (5)]
  6506 | D:7      | Reached skill level 14 in Polearms
  6633 | D:7      | Reached ** piety under Yredelemnul
  6634 | D:7      | Reached skill level 11 in Dodging
  7130 | D:8      | You fall into a shaft and drop 1 floor!
  7199 | D:9      | Found a glowing golden altar of the Shining One.
  7247 | D:9      | Reached skill level 12 in Dodging
  7258 | D:9      | Reached XP level 10. HP: 37/67 MP: 10/10
  7660 | D:8      | Reached skill level 13 in Dodging
  7893 | D:8      | Found an iron altar of Okawaru.
  7966 | D:8      | Found an ornate altar of the Wu Jian Council.
  8091 | D:8      | Found Ragier's Weapon Boutique.
  8161 | D:8      | Reached *** piety under Yredelemnul
  8161 | D:8      | Reached skill level 14 in Dodging
  8260 | D:8      | Got the Spellbook of Cunning Assaults
  8475 | D:8      | Found a staircase to the Lair.
  8514 | D:8      | Reached skill level 1 in Invocations
  8819 | Lair:1   | Entered Level 1 of the Lair of Beasts
  8819 | Lair:1   | Noticed a black mamba
  8975 | D:9      | Reached skill level 2 in Invocations
  9116 | D:9      | Reached skill level 3 in Invocations
  9160 | D:9      | Noticed a two-headed ogre
  9174 | D:9      | Killed a two-headed ogre
  9175 | D:9      | Reached skill level 15 in Dodging
  9175 | D:9      | Reached skill level 4 in Invocations
  9647 | D:9      | Noticed a two-headed ogre
  9661 | D:9      | Killed a two-headed ogre
  9662 | D:9      | Reached skill level 5 in Invocations
  9662 | D:9      | Reached XP level 11. HP: 72/72 MP: 14/14
  9672 | D:9      | Noticed a deep elf zephyrmancer
  9676 | D:9      | Killed a deep elf zephyrmancer
  9897 | Lair:1   | Reached skill level 16 in Dodging
  9897 | Lair:1   | Reached skill level 6 in Invocations
 10316 | Lair:1   | Noticed Harold
 10330 | Lair:1   | Killed Harold
 10440 | Lair:1   | Reached skill level 7 in Invocations
 10781 | Lair:2   | Found a gate leading to a gauntlet.
 10787 | Gauntlet | Entered a Gauntlet
 10787 | Gauntlet | Found a transporter.
 10787 | Gauntlet | Found a transporter.
 10788 | Gauntlet | Found a transporter.
 10788 | Gauntlet | Noticed a death scarab
 10790 | Gauntlet | Found a transporter.
 10791 | Gauntlet | Found a transporter.
 10793 | Gauntlet | Found a large runed translucent door.
 10794 | Gauntlet | Found a large runed translucent door.
 10795 | Gauntlet | Found a large runed translucent door.
 10795 | Gauntlet | Found a large runed translucent door.
 10795 | Gauntlet | Found a runed translucent door.
 10795 | Gauntlet | Found a runed translucent door.
 10796 | Gauntlet | Found a large runed translucent door.
 10796 | Gauntlet | Found a large runed translucent door.
 10796 | Gauntlet | Found a large runed translucent door.
 10796 | Gauntlet | Found a large runed translucent door.
 10797 | Gauntlet | Found a large runed translucent door.
 10797 | Gauntlet | Found a large runed translucent door.
 10798 | Gauntlet | Found a large runed translucent door.
 10798 | Gauntlet | Found a large runed translucent door.
 10799 | Gauntlet | Found a runed translucent gate.
 10799 | Gauntlet | Found a runed translucent gate.
 10799 | Gauntlet | Found a runed translucent gate.
 10800 | Gauntlet | Noticed a spectral death yak
 10801 | Gauntlet | Found a transporter.
 10801 | Gauntlet | Noticed a death scarab
 10805 | Gauntlet | Found a transporter.
 10807 | Gauntlet | Noticed a death scarab
 10808 | Gauntlet | Noticed a death scarab
 10812 | Gauntlet | Noticed a death scarab
 10812 | Gauntlet | Noticed a death scarab
 10815 | Gauntlet | Found a transporter.
 10846 | Gauntlet | Found a large runed translucent door.
 10846 | Gauntlet | Found a large runed translucent door.
 10849 | Gauntlet | Found a large runed translucent door.
 10849 | Gauntlet | Found a large runed translucent door.
 10905 | Gauntlet | Found a transporter.
 10915 | Gauntlet | Found a transporter.
 10919 | Gauntlet | Found a transporter.
 10919 | Gauntlet | Noticed a tengu warrior
 10931 | Gauntlet | Found a transporter.
 11113 | Lair:2   | Reached skill level 8 in Invocations
 11301 | Lair:2   | Reached skill level 17 in Dodging
 11339 | Lair:2   | Identified the +7 long sword "Giantbane" {protect, Str+2}
 11382 | Lair:2   | Noticed Amaemon
 11391 | Lair:2   | Killed Amaemon
 11392 | Lair:2   | Reached skill level 9 in Invocations
 11392 | Lair:2   | Reached XP level 12. HP: 78/78 MP: 18/18
 11419 | Lair:2   | Reached **** piety under Yredelemnul
 11552 | Lair:3   | Noticed Nessos
 11578 | Lair:3   | HP: 2/78 [poisoned by Nessos]
 11578 | Lair:3   | Shot with an arrow by Nessos

Vanquished Creatures
  Harold (Lair:1)
  2 two-headed ogres (D:9)
  A deep elf zephyrmancer (D:9)
  An orange demon (Lair:2)
  2 black mambas
  5 cane toads
  A rime drake (Lair:2)
  2 komodo dragons
  A burning bush (Lair:1)
  A polar bear (Lair:1)
  A wraith (D:9)
  3 yaks (Lair:1)
  5 steam dragons
  A basilisk (Lair:2)
  Edmund (D:6)
  3 water moccasins (Lair:2)
  5 orc warriors
  4 sky beasts
  3 black bears
  3 centaurs
  2 ogres
  A phantom (D:6)
  A kobold brigand (D:7)
  8 bullfrogs
  5 scorpions
  A necrophage (D:8)
  4 wights (D:9)
  Dowan (D:5)
  3 killer bees (D:8)
  A howler monkey (D:6)
  7 hounds
  3 orc priests
  Crazy Yiuf (D:5)
  A jelly (D:7)
  Ijyb (D:5)
  3 iguanas
  8 orc wizards
  5 gnolls
  5 adders
  An ufetubus (D:5)
  3 worms
  4 dart slugs
  20 orcs
  10 endoplasms
  4 giant cockroaches
  13 goblins
  7 hobgoblins
  2 jackals (D:2)
  6 quokkas
  8 ball pythons
  3 bats
  4 frilled lizards
  15 kobolds
  9 rats
216 creatures vanquished.

Vanquished Creatures (collateral kills)
  Amaemon (Lair:2)
  A black mamba (Lair:1)
  A cane toad (Lair:3)
  2 komodo dragons
  A burning bush (Lair:1)
  A blink frog (Lair:1)
  3 yaks
  A steam dragon (D:7)
  2 water moccasins
  An ogre (D:7)
  A bullfrog (D:8)
  2 orcs (D:7)
17 creatures vanquished.

Vanquished Creatures (others)
  Duvessa (D:5)
  A sky beast (D:7)
  A rime drake zombie (Lair:2)
  A yak zombie (Lair:1)
  A centaur zombie (D:8)
  3 bullfrog zombies (D:8)
  2 black bear zombies
  2 scorpion zombies
  2 killer bee zombies (D:8)
  2 hound zombies
  A steam dragon zombie (D:8)
  A human zombie (D:6)
  2 gnoll zombies (D:6)
  2 kobold zombies (D:7)
  5 orc zombies
  29 fungi
  35 plants
91 creatures vanquished.

Grand Total: 324 creatures vanquished

Table legend: (Time is in decaauts)
 A = Elapsed time spent in this place.
 B = Non-inter-level travel time spent in this place.
 C = Inter-level travel time spent in this place.
 D = Time resting spent in this place.
 E = Time spent auto-exploring this place.
 F = Levels seen in this place.
 G = Mean time per level.
                   A        B        C        D        E       F      G
               +--------+--------+--------+--------+--------+-----+--------+
         Total |  11264 |  10745 |    519 |    517 |   8303 |  14 |  804.6 |
       Dungeon |   9502 |   9045 |    457 |    517 |   7017 |   9 | 1055.8 |
        Temple |    126 |    114 |     12 |      0 |     31 |   1 |  126.0 |
          Lair |   1423 |   1374 |     49 |      0 |   1124 |   3 |  474.3 |
      Gauntlet |    211 |    211 |      0 |      0 |    131 |   1 |  211.0 |
               +--------+--------+--------+--------+--------+-----+--------+

Top non-repeatable levels by time:
     D:8: 1330 daAuts
     D:9: 1284 daAuts
     D:7: 1250 daAuts
     D:5: 1226 daAuts
     D:6: 1065 daAuts
     D:3: 891 daAuts
     D:4: 878 daAuts
  Lair:1: 846 daAuts
     D:2: 841 daAuts
     D:1: 732 daAuts
  Lair:2: 553 daAuts
Gauntlet: 211 daAuts
  Temple: 126 daAuts
  Lair:3: 23 daAuts

Table legend:
 A = Non-vault XP
 B = Vault XP
 C = Vault XP percentage of total XP
 D = Non-vault monster count
 E = Vault monster count
 F = Vault count percentage of total count
                 A         B        C        D         E       F
            +---------+---------+-------+---------+---------+-------
      Total |   14038 |    6419 |  31.4 |     198 |      36 |  15.4
            +---------+---------+-------+---------+---------+-------
        D:1 |      55 |       0 |   0.0 |      26 |       0 |   0.0
        D:2 |      65 |       9 |  12.2 |      19 |       5 |  20.8
        D:3 |      61 |       0 |   0.0 |      21 |       0 |   0.0
        D:4 |     109 |       5 |   4.4 |      12 |       4 |  25.0
        D:5 |     302 |     339 |  52.9 |      13 |       5 |  27.8
        D:6 |    1020 |     171 |  14.4 |      18 |       1 |   5.3
        D:7 |    1256 |     723 |  36.5 |      26 |       5 |  16.1
        D:8 |    1368 |     833 |  37.8 |      21 |       7 |  25.0
        D:9 |    3146 |     574 |  15.4 |      19 |       1 |   5.0
     Lair:1 |    3074 |    1766 |  36.5 |      11 |       4 |  26.7
     Lair:2 |    3171 |    1217 |  27.7 |      11 |       2 |  15.4
     Lair:3 |     411 |     782 |  65.5 |       1 |       2 |  66.7
            +---------+---------+-------+---------+---------+-------
